 Dungeon Crawl Stone Soup version 0.31-a0-1424-g2add1c7226 (webtiles) character file.

Game seed: 4787281366751941509

636 grandjackal the Trooper (level 7, -7/79 HPs)
             Began as an Oni Warper on Dec 26, 2023.
             Mangled by an iguana (11 damage)
             ... on level 3 of the Dungeon.
             The game lasted 00:05:49 (5093 turns).

grandjackal the Trooper (Oni Warper)                Turns: 5093, Time: 00:05:49

Health: -7/79      AC:  3    Str: 16    XL:     7   Next: 50%
Magic:  10/10      EV:  9    Int: 16    God:
Gold:   223        SH:  0    Dex:  8    Spells: 8/10 levels left

rFire   . . .        r - +0 flail
rCold   . . .        (no shield)
rNeg    . . .        b - +0 robe
rPois   .            (helmet restricted)
rElec   .            u - scarf {+Inv}
rCorr   .            (gloves unavailable)
SInv    .            (boots unavailable)
Will    .....        (no amulet)
Stlth   +            (no ring)
HPRegen 0.33/turn    (no ring)
MPRegen 0.12/turn

%: no passive effects
@: no status effects
A: large, unfitting armour, horns 1, tough skin 1, double potion healing,
drunken brawling
a: Evoke Invisibility


You were on level 3 of the Dungeon.
You visited 1 branch of the dungeon, and saw 4 of its levels.
You also visited: Sewer.

You collected 223 gold pieces.

Inventory:

Hand Weapons
 r - a +0 flail (weapon)
Missiles
 d - 7 darts of dispersal
 m - 6 poisoned darts (quivered)
 q - 3 curare-tipped darts
Armour
 b - a +0 robe (worn)
 u - a scarf of invisibility (worn)
Wands
 o - a wand of polymorph (13)
 p - a wand of paralysis (7)
Scrolls
 a - a scroll of amnesia {unknown}
 c - 4 scrolls of blinking
 e - 3 scrolls of teleportation {unknown}
 f - 3 scrolls of poison {unknown}
 h - 6 scrolls of identify {unknown}
 j - a scroll of fog {unknown}
 l - a scroll of vulnerability {unknown}
 s - a scroll of brand weapon {unknown}
 t - a scroll of enchant weapon {unknown}
 w - a scroll of silence {unknown}
 x - 2 scrolls of noise
Potions
 g - 2 potions of curing {unknown}
 i - 2 potions of heal wounds {unknown}
 k - a potion of invisibility {unknown}
 n - a potion of brilliance {unknown}
 v - 3 potions of enlightenment


   Skills:
 + Level 7.7 Fighting
 + Level 5.9 Maces & Flails
 - Level 1.0 Throwing
 - Level 2.1 Dodging
 - Level 2.4 Spellcasting
 - Level 2.6 Translocations


You had 8 spell levels left.
You knew the following spells:

 Your Spells              Type           Power      Damage    Failure   Level
a - Blink                 Tloc           20%        N/A       10%         2

Your spell library contained the following spells:

 Spells                   Type           Power      Damage    Failure   Level
 Lesser Beckoning         Tloc           20%        N/A       10%         2
 Freeze                   Ice            4%         1d3       21%         1
 Teleport Other           Tloc           10%        N/A       21%         3
 Frozen Ramparts          Ice            2%         1d1       52%         3
 Hailstorm                Conj/Ice       1%         3d5       52%         3
 Manifold Assault         Tloc           10%        N/A       54%         4
 Vhi's Electric Charge    Tloc/Air       12%        N/A       75%         4


Dungeon Overview and Level Annotations

Branches:
Dungeon (4/15)              Sewer (visited)
 Temple: D:4-7

Altars:


Innate Abilities, Weirdness & Mutations

You are too large for most types of armour.
You have a pair of small horns on your head.
You have tough skin. (AC +1)
You gain doubled healing and magic from potions.
Whenever you drink a healing potion, you attack all around you.


Message History

The iguana hisses angrily.
The iguana barely misses you.
You hit the iguana.
The iguana is lightly wounded.
The iguana closely misses you.
You barely miss the iguana.
The iguana is lightly wounded.
The iguana misses you. The gnoll hits you with a +0 flail.
The iguana bites you! The gnoll attacks as it pursues you!
The gnoll barely misses you. The iguana bites you!
The gnoll attacks as it pursues you! The gnoll barely misses you.
The iguana attacks as it pursues you!
The iguana bites you but does no damage.
The gnoll attacks as it pursues you! The gnoll barely misses you.
Found a white potion.
The iguana hisses menacingly.
The iguana attacks as it pursues you! The iguana bites you!
The gnoll attacks as it pursues you! The gnoll closely misses you.
The iguana attacks as it pursues you! The iguana barely misses you.
There is an escape hatch in the ceiling here.
The iguana barely misses you. A mysterious force pulls you upwards.
The hatch slams shut behind you.
You hit the iguana.
The iguana is moderately wounded.
The iguana bites you!
You hit the iguana but do no damage. You headbutt the iguana.
The iguana is heavily wounded.
The iguana bites you!
* * * LOW HITPOINT WARNING * * *
You barely miss the iguana.
The iguana is heavily wounded.
The iguana bites you!
* * * LOW HITPOINT WARNING * * *
You hit the iguana. You headbutt the iguana.
The iguana is heavily wounded.
The iguana bites you!
* * * LOW HITPOINT WARNING * * *
The iguana bites you!
You die...

######## ########### #.......
##########.........# #.#####.
#........#.........# #.# #.
#........#....@....#####.#####.
#>.........).l.........#.##....
#..>.....##.#####......#.##.##.
#.###.#####.# #......#..#....
#.# #....##.### #......##.#####
#.######..#...# #..............
#.............####....##..#####
###...........)................
#......##...###########......


You could see an iguana.

Vanquished Creatures
  Sigmund (D:4)
  2 scorpions (D:4)
  A jelly (Sewer)
  Natasha (thrice) (D:2)
  Robin (D:3)
  3 gnolls (D:3)
  2 river rats (Sewer)
  10 adders
  5 worms
  4 dart slugs
  3 ball pythons
  8 bats
  6 endoplasms
  7 giant cockroaches
  19 goblins
  4 hobgoblins
  2 jackals (Sewer)
  4 quokkas
  9 frilled lizards
  9 kobolds
  5 rats
108 creatures vanquished.

Notes
Turn   | Place    | Note
-------+----------+-------------------------------------------
     0 | D:1      | grandjackal the Oni Warper began the quest for the Orb.
     0 | D:1      | Reached XP level 1. HP: 22/22 MP: 3/3
   132 | D:1      | Reached skill level 3 in Fighting
   135 | D:1      | Reached XP level 2. HP: 10/31 MP: 5/5
   426 | D:1      | Reached XP level 3. HP: 32/39 MP: 6/6
   672 | D:1      | Learned a level 2 spell: Blink
   727 | D:2      | Reached skill level 4 in Fighting
  1103 | D:2      | Noticed Natasha
  1111 | D:2      | Killed Natasha
  1112 | D:2      | Reached XP level 4. HP: 41/49 MP: 7/7
  1598 | D:2      | Noticed Natasha
  1605 | D:2      | Killed Natasha
  1606 | D:2      | Reached skill level 5 in Fighting
  1606 | D:2      | Reached XP level 5. HP: 45/57 MP: 8/8
  1945 | D:2      | Noticed Natasha
  1958 | D:2      | Killed Natasha
  2041 | D:3      | Noticed Robin
  2300 | D:3      | Killed Robin
  3001 | D:3      | Reached XP level 6. HP: 60/67 MP: 9/9
  3113 | D:4      | Reached skill level 6 in Fighting
  3525 | D:4      | Reached skill level 5 in Maces & Flails
  3726 | D:4      | Found a glowing drain.
  3731 | Sewer    | Entered a sewer
  4231 | Sewer    | Reached skill level 7 in Fighting
  4231 | Sewer    | Reached XP level 7. HP: 70/78 MP: 10/10
  4850 | D:4      | Noticed Sigmund
  4873 | D:4      | Killed Sigmund
  5093 | D:3      | Mangled by an iguana

Illustrated notes

Levels and vault maps discovered:
D:1:      zelgadis_glass_arrival_small, layout_rooms
D:2:      kennysheep_big_flooded_room, layout_basic, uniq_natasha
D:3:      layout_basic, uniq_robin
D:4:      layout_basic, mainiacjoe_sewer_entry_somewhere_in_here_1, uniq_sigmund

Skill      XL: |  1  2  3  4  5  6 |
---------------+-------------------+-----
Fighting       | 3 4 5 7 |  7.7
Maces & Flails | 3 4 5 |  5.9
Throwing       | |  1.0
Dodging        | |  2.1
Spellcasting   | |  2.4
Translocations | |  2.6

Action                     |  1- 3 |  4- 6 |  7- 9 || total
---------------------------+-------+-------+-------++-------
  Melee: Mace              |    95 |    94 |       ||   189
         Headbutt          |    13 |    26 |     9 ||    48
         Punch             |       |     5 |       ||     5
         Unarmed           |       |     1 |       ||     1
         Flail             |       |   100 |    87 ||   187
  Throw: Dart              |       |    11 |       ||    11
   Cast: Blink             |       |     1 |       ||     1
 Armour: Robe              |    53 |   192 |    71 ||   316
         Skin              |       |     1 |       ||     1
  Dodge: Dodged            |    57 |   113 |    33 ||   203

Table legend: (Time is in decaauts)
 A = Elapsed time spent in this place.
 B = Non-inter-level travel time spent in this place.
 C = Inter-level travel time spent in this place.
 D = Time resting spent in this place.
 E = Time spent auto-exploring this place.
 F = Levels seen in this place.
 G = Mean time per level.
                   A        B        C        D        E       F      G
               +--------+--------+--------+--------+--------+-----+--------+
         Total |   5171 |   4739 |    432 |   1669 |   2074 |   5 | 1034.2 |
       Dungeon |   4067 |   3635 |    432 |   1217 |   1666 |   4 | 1016.8 |
         Sewer |   1104 |   1104 |      0 |    452 |    408 |   1 | 1104.0 |
               +--------+--------+--------+--------+--------+-----+--------+

Top non-repeatable levels by time:
     D:2: 1636 daAuts
   Sewer: 1104 daAuts
     D:3: 998 daAuts
     D:4: 728 daAuts
     D:1: 703 daAuts
